 Dungeon Crawl Stone Soup version 0.22.1-5-g62c59d9 (webtiles) character file.

330 Fang the Skirmisher (level 6, -3/40 HPs)
             Began as a Gargoyle Berserker on Jan 8, 2019.
             Was a Believer of Trog.
             Slain by a phantom (4 damage)
             ... on level 4 of the Dungeon.
             The game lasted 00:02:44 (3874 turns).

Fang the Skirmisher (Gargoyle Berserker)            Turns: 3874, Time: 00:02:45

Health: -3/40      AC:  6    Str: 22    XL:     6   Next: 51%
Magic:  6/6        EV: 12    Int:  8    God:    Trog [**....]
Gold:   149        SH:  0    Dex:  9    Spells: 5/5 levels left

rFire    . . .     SeeInvis .   a - +0 hand axe
rCold    . . .     Gourm    .   (no shield)
rNeg     + . .     Faith    .   b - +0 animal skin
rPois    ∞         Spirit   .   (no helmet)
rElec    +         Reflect  .   (no cloak)
rCorr    .         Harm     .   (no gloves)
MR       .....                  (no boots)
Stlth    ++........             (no amulet)
HPRegen  0.13/turn              (no ring)
MPRegen  0.10/turn              (no ring)

@: no status effects
A: negative energy resistance 1, electricity resistance, unbreathing,
petrification resistance, rot immunity, AC +4
a: Berserk, Trog's Hand, Renounce Religion


You were on level 4 of the Dungeon.
You worshipped Trog.
Trog was pleased with you.
You were very hungry.

You visited 1 branch of the dungeon, and saw 4 of its levels.

You collected 149 gold pieces.

Inventory:

Hand Weapons
 a - a +0 hand axe (weapon)
Armour
 b - a +0 animal skin (worn)
Jewellery
 e - an uncursed ring of protection from cold {unknown}
Scrolls
 d - 4 scrolls of identify {unknown}
 g - a scroll of fog {unknown}
 i - 4 scrolls of remove curse {unknown}
 j - 4 scrolls of enchant armour {unknown}
 l - 3 scrolls of enchant weapon {unknown}
 n - 2 scrolls of teleportation {unknown}
 q - a scroll of blinking {unknown}
 r - a scroll of immolation {unknown}
Potions
 f - 3 potions of brilliance {unknown}
 h - 3 potions of curing {unknown}
 k - a potion of cancellation {unknown}
 m - a potion of degeneration {unknown}
 o - a potion of magic {unknown}
 p - a potion of might {unknown}
Comestibles
 c - 8 rations


   Skills:
 + Level 5.0 Fighting
 + Level 4.8 Axes
 + Level 2.4 Armour
 + Level 2.3 Dodging
 + Level 1.9 Stealth


You had 5 spell levels left.
You didn't know any spells.
Your spell library was empty.

Dungeon Overview and Level Annotations

Branches:
Dungeon (4/15)
 Temple: D:4-7

Altars:
Qazlal
Ru


Innate Abilities, Weirdness & Mutations

You are resistant to torment.
Your stone body is resilient. (AC +4)
You are immune to poison.
You resist negative energy. (rN+)
You are resistant to electric shocks. (rElec)
You can survive without breathing.
You are immune to petrification.
You are immune to rotting.


Message History

The phantom hits you.
The phantom blinks!
The phantom blinks!
The phantom hits you.
* * * LOW HITPOINT WARNING * * *
The phantom blinks!
The phantom blinks!
You closely miss the phantom. The phantom hits you.
* * * LOW HITPOINT WARNING * * *
You closely miss the phantom. The phantom hits you.
* * * LOW HITPOINT WARNING * * *
You closely miss the phantom. The phantom hits you!
* * * LOW HITPOINT WARNING * * *
You closely miss the phantom.
The phantom hits you but does no damage.
You barely miss the phantom. The phantom barely misses you.
The phantom hits you.
* * * LOW HITPOINT WARNING * * *
You hit the phantom but do no damage. The phantom closely misses you.
You barely miss the phantom. The phantom hits you.
You die...

###### ###
#....#####.##
####........#
#.#####..# ####
#........# #...
#..#####.# #.##
#..# #.# #.# #..#
#.# #.# #.@# #.#
#.# #.W# #.# #.#
#..## #.# #.#
##...####.#######.#
#.#.....>.........#
#.....[...#########
#.#.####### #.#.#
#.#.#


You could see a phantom.

Vanquished Creatures
  Sigmund (D:3)
  Crazy Yiuf (D:3)
  An orc wizard (D:3)
  Terence (D:3)
  Robin (D:3)
  2 adders (D:2)
  A gnoll (D:1)
  A worm (D:3)
  4 dart slugs (D:1)
  2 leopard geckos (D:1)
  An orc (D:3)
  2 giant cockroaches (D:1)
  6 hobgoblins
  6 kobolds
  A quokka (D:3)
  2 bats
  2 frilled lizards (D:3)
  13 goblins
  6 rats
54 creatures vanquished.

Notes
Turn   | Place    | Note
-------+----------+-------------------------------------------
     0 | D:1      | Fang the Gargoyle Berserker began the quest for the Orb.
     0 | D:1      | Reached XP level 1. HP: 14/14 MP: 1/1
   162 | D:1      | Reached XP level 2. HP: 19/19 MP: 2/2
   841 | D:1      | Reached XP level 3. HP: 19/24 MP: 3/3
  1083 | D:1      | Reached skill level 4 in Fighting
  1601 | D:2      | Reached XP level 4. HP: 28/29 MP: 4/4
  2384 | D:3      | Found a stormy altar of Qazlal.
  2388 | D:3      | Noticed Terence
  2405 | D:3      | Killed Terence
  2884 | D:3      | Found a sacrificial altar of Ru.
  2892 | D:3      | Reached ** piety under Trog
  2900 | D:3      | Reached skill level 1 in Stealth
  2900 | D:3      | Reached XP level 5. HP: 34/34 MP: 5/5
  3087 | D:3      | Noticed Robin
  3087 | D:3      | Noticed Sigmund
  3098 | D:3      | Killed Robin
  3108 | D:3      | Killed Sigmund
  3108 | D:3      | Reached XP level 6. HP: 15/40 MP: 6/6
  3377 | D:3      | Found a runed door.
  3578 | D:3      | Noticed Crazy Yiuf
  3588 | D:3      | Killed Crazy Yiuf
  3588 | D:3      | Reached skill level 5 in Fighting
  3790 | D:4      | Noticed a phantom
  3872 | D:4      | HP: 1/40 [phantom (2)]
  3874 | D:4      | Slain by a phantom

Skill      XL: |  1  2  3  4  5  6 |
---------------+-------------------+-----
Axes           | 3 4 |  4.8
Fighting       | 4 5 |  5.0
Dodging        | 2 |  2.3
Stealth        | 1 |  1.9
Armour         | |  2.4

Action                   |  1- 3 |  4- 6 || total
-------------------------+-------+-------++-------
Melee: Hand axe          |    88 |   115 ||   203
Invok: Berserk           |     1 |     2 ||     3
 Stab: Sleeping          |     1 |       ||     1
       Paralysed         |       |     1 ||     1
  Eat: Chunk             |     2 |     9 ||    11
Armor: Animal skin       |    24 |    32 ||    56
Dodge: Dodged            |    55 |    53 ||   108
